 Dungeon Crawl Stone Soup version 0.31.0-12-g77e489cdc1 (webtiles) character file.

Game seed: 13391913027808201685

298 Logoto the Chopper (level 6, -2/53 HPs)
             Began as a Hill Orc Berserker on Mar 4, 2024.
             Was a Believer of Trog.
             Succumbed to a gnoll sergeant's poison
             ... on level 4 of the Dungeon.
             The game lasted 00:07:00 (2596 turns).

Logoto the Chopper (Hill Orc Berserker)             Turns: 2596, Time: 00:07:02

Health: -2/53      AC: 14    Str: 22    XL:     6   Next: 36%
Magic:  6/6        EV:  7    Int:  7    God:    Trog [**....]
Gold:   196        SH:  0    Dex: 10    Spells: 5/5 levels left

rFire   . . .        a - +0 hand axe
rCold   . . .        (no shield)
rNeg    . . .        k - +0 plate armour
rPois   .            (no helmet)
rElec   .            (no cloak)
rCorr   +            u - +0 pair of gloves
SInv    .            s - +0 pair of boots
Will    .....        (no amulet) Stlth
                     r - ring of resist corrosion
HPRegen 0.28/turn    (no ring)
MPRegen 0.10/turn

%: no passive effects
@: lethally poisoned (-2 -> -11), on berserk cooldown, slowed, very slow
A: no striking features
a: Renounce Religion, Berserk, Trog's Hand


You were on level 4 of the Dungeon.
You worshipped Trog.
Trog was pleased with you.
You visited 1 branch of the dungeon, and saw 4 of its levels.

You collected 196 gold pieces.

Inventory:

Hand Weapons
 a - a +0 hand axe (weapon)
Armour
 f - a +2 ring mail of cold resistance
 k - a +0 plate armour (worn)
 s - a +0 pair of boots (worn)
 u - a +0 pair of gloves (worn)
Jewellery
 r - a ring of resist corrosion (left hand)
Wands
 q - a wand of iceblast (1)
Scrolls
 c - a scroll of vulnerability {unknown}
 d - 3 scrolls of teleportation {unknown}
 e - 2 scrolls of blinking {unknown}
 i - 3 scrolls of enchant armour {unknown}
 j - 2 scrolls of identify {unknown}
 m - a scroll of revelation {unknown}
 t - a scroll of enchant weapon {unknown}
Potions
 b - a potion of brilliance {unknown}
 g - 2 potions of mutation {unknown}
 h - a potion of curing {unknown}
 l - 2 potions of heal wounds {unknown}
 n - a potion of enlightenment {unknown}
 o - a potion of degeneration {unknown}
 p - a potion of berserk rage {unknown}


   Skills:
 + Level 4.5 Fighting
 + Level 7.1 Axes
 + Level 3.7 Armour
 + Level 2.2 Dodging
 + Level 0.3 Stealth


You had 5 spell levels left.
You didn't know any spells.
Your spell library was empty.

Dungeon Overview and Level Annotations

Branches:
Dungeon (4/15)
 Temple: D:4-7

Altars:
Elyvilon
Vehumet

Shops:
D:4 *


Message History

You feel yourself moving faster!
You feel mighty!
You feel very sick.
The ogre shouts!
The gnoll sergeant hits you but does no damage.
You are more poisoned.
You hit the gnoll sergeant.
The gnoll sergeant is lightly wounded.
You feel very sick.
You closely miss the gnoll sergeant.
The gnoll sergeant is lightly wounded.
You feel very sick.
The gnoll sergeant hits you with a +2 spear of venom.
You are more poisoned.
Your unstable footing causes you to fumble your attack.
You feel very sick. The gnoll sergeant blocks your attack.
The gnoll sergeant is lightly wounded.
You feel very sick.
The gnoll sergeant hits you but does no damage.
You feel very sick.
The gnoll sergeant hits you but does no damage.
You feel a strong urge to attack something.
You feel very sick.
You feel sick.
There is an open door here.
You enter the shallow water.
Moving in this stuff is going to be slow.
You feel your anger nearly subside.
You are no longer berserk.
You are exhausted.
You feel yourself slow down.
You feel sick.
* * * LOW HITPOINT WARNING * * *
You feel very sick.
You feel very sick. The gnoll sergeant barely misses you.
You feel very sick.
The gnoll sergeant hits you from afar with a +2 spear of venom.
* * * LOW HITPOINT WARNING * * *
You are lethally poisoned!
The gnoll sergeant splashes around in the water.
You die...

#.##..........# #.#
#.##.####.###.# #.#
#####.##.# ##.###.# #.#
....>.##.###...##.## #.#
#####.#......#.....# #.#
#####.#..###<..##..# #.#
~~~~#.#~~~~##.###..# ##.#
~##~#.~~##~##.###..# #..#
##~~~~~##~~##.~~@~.###.##
########~~~~~~~##~..##.#
######~##~O..##.#####
#.#.#.#.###g~.÷........#
#...~.J..JJ.÷.....###.#
..#.#.#.###~~#.##.## #.#
######~##~~.##.# #.#
########~~~~~~~##~.##.#
#.#
~~~~~~~##~~##.~~~~###.#
#.#


You could see an ogre.

Vanquished Creatures
  A phantom (D:4)
  A scorpion (D:4)
  A gnoll bouda (D:4)
  Terence (D:2)
  4 gnolls (D:4)
  2 ribbon worms
  A dart slug (D:2)
  8 ball pythons
  5 endoplasms
  3 giant cockroaches
  6 goblins
  5 hobgoblins
  9 jackals
  4 bats
  5 frilled lizards
  5 kobolds
  3 rats
64 creatures vanquished.

Notes
Turn   | Place    | Note
-------+----------+-------------------------------------------
     0 | D:1      | Logoto the Hill Orc Berserker began the quest for the Orb.
     0 | D:1      | Reached XP level 1. HP: 19/19 MP: 1/1
   258 | D:1      | Reached XP level 2. HP: 27/27 MP: 2/2
   448 | D:1      | Reached XP level 3. HP: 21/33 MP: 3/3
   675 | D:2      | Found a faded altar of an unknown god.
   703 | D:2      | Reached skill level 5 in Axes
   828 | D:2      | Noticed Terence
   835 | D:2      | Killed Terence
   836 | D:2      | Reached XP level 4. HP: 40/40 MP: 4/4
   903 | D:2      | Found a white marble altar of Elyvilon.
  1205 | D:3      | Reached ** piety under Trog
  1633 | D:3      | Found a radiant altar of Vehumet.
  1693 | D:4      | Noticed a phantom
  1701 | D:4      | Killed a phantom
  1702 | D:4      | Reached skill level 6 in Axes
  1702 | D:4      | Reached XP level 5. HP: 47/47 MP: 5/5
  1822 | D:4      | Reached XP level 6. HP: 35/53 MP: 6/6
  1832 | D:4      | Reached skill level 7 in Axes
  2085 | D:4      | Found Avyderri's Fire Supplies.
  2596 | D:4      | Succumbed to a gnoll sergeant's poison

Illustrated notes

Levels and vault maps discovered:
D:1:      nzn_arrival_water_spiral, layout_rooms, serial_forest,
          infiniplex_forest_lined_room_3, infiniplex_forest_lined_2,
          infiniplex_forest_join, infiniplex_forest_clump_medium,
          infiniplex_forest_clump_large, infiniplex_forest_corner_1,
          infiniplex_forest_clump_curved
D:2:      layout_rooms, basic_altar, basic_ecumenical_altar, kennysheep_boxes,
          uniq_terence
D:3:      layout_rooms, lemuel_tele_altar, grunt_decor_mini_mirrors,
          minmay_crystal_room
D:4:      layout_loops_ring, nicolae_shop_fire_sale [nicolae_sub_dead_trees],
          minmay_manual_mullet

Skill      XL: |  1  2  3  4  5  6 |
---------------+-------------------+-----
Fighting       | 4 |  4.5
Axes           | 5 6 7 |  7.1
Armour         | 3 |  3.7
Dodging        | 2 |  2.2
Stealth        | |  0.3

Action                     |  1- 3 |  4- 6 || total
---------------------------+-------+-------++-------
  Melee: Hand axe          |    68 |   126 ||   194
         Punch             |     1 |     1 ||     2
 Invoke: Berserk           |     3 |     5 ||     8
 Armour: Animal skin       |    35 |       ||    35
         Ring mail         |    12 |    22 ||    34
         Plate armour      |       |    70 ||    70
  Dodge: Dodged            |    48 |    62 ||   110
